 Dungeon Crawl Stone Soup version 0.25.1-4-g9407a263a5 (webtiles) character file.

Game seed: 7325415870992460416

433638 Erymatos the Executioner (level 22, -7/339 HPs)
             Began as a Minotaur Berserker on Nov 25, 2020.
             Was a High Priest of Trog.
             Killed by the air
             ... invoked by a titan
              (10 damage)
             ... on level 5 of the Vaults.
             The game lasted 02:25:37 (56144 turns).

Erymatos the Executioner (Minotaur Berserker)      Turns: 56144, Time: 02:25:40

Health: -7/339     AC: 27    Str: 35    XL:     22   Next: 88%
Magic:  21/21      EV: 28    Int:  6    God:    Trog [*****.]
Gold:   2254       SH: 23    Dex: 21    Spells: 21/21 levels left

rFire    + + .     SeeInvis .   S - +9 broad axe (vorpal)
rCold    . . .     Gourm    .   y - +2 kite shield
rNeg     + . .     Faith    .   f - +1 fire dragon scales of Ediar {rElec rF++ rC- rN+ rCorr Slay+3}
rPois    +         Spirit   .   L - +2 hat of Lityer {-Tele rElec rC+ Dex+2}
rElec    +         Reflect  +   i - +2 cloak {Stlth+}
rCorr    +         Harm     .   I - +1 pair of gloves {Str+3}
MR       +++..     NoTele   +   z - +1 pair of boots
Stlth    ..........             H - amulet of reflection
HPRegen  1.66/turn              x - +4 ring of evasion
MPRegen  0.17/turn              K - ring "Kuf Tuul" {rPois Str+3 Int+2 Dex+6}

@: berserking, lethally poisoned (-7 -> -7), flayed, regenerating (expiring),
very quick
A: retaliatory headbutt, horns 2
}: 2/15 runes: barnacled, gossamer
a: Berserk, Trog's Hand, Brothers in Arms, Renounce Religion


You were on level 5 of the Vaults.
You worshipped Trog.
Trog was extremely pleased with you.
You were very hungry.

You visited 7 branches of the dungeon, and saw 39 of its levels.
You also visited: Trove, Bailey and Gauntlet.

You collected 10853 gold pieces.
You spent 8599 gold pieces at shops.

Inventory:

Hand Weapons
 k - the +6 war axe "Jycvoef" {drain, rN++}
   (You bought it in a shop on level 9 of the Dungeon)

   A truly terrible weapon, it drains the life of those it strikes.
   It greatly protects you from negative energy.
 S - a +9 vorpal broad axe (weapon)
Armour
 f - the +1 fire dragon scales of Ediar (worn) {rElec rF++ rC- rN+ rCorr Slay+3}
   (You bought it in a shop on level 4 of the Vaults)

   It affects your accuracy and damage with ranged weapons and melee attacks
   (+3).
   It greatly protects you from fire.
   It makes you vulnerable to cold.
   It insulates you from electricity.
   It protects you from negative energy.
   It provides partial protection from all sources of acid and corrosion.
 i - a +2 cloak of stealth (worn)
 y - a +2 kite shield (worn)
 z - a +1 pair of boots (worn)
 I - a +1 pair of gloves of strength (worn)
 L - the +2 hat of Lityer (worn) {-Tele rElec rC+ Dex+2}
   (You found it in a Gauntlet)

   It affects your dexterity (+2).
   It protects you from cold.
   It insulates you from electricity.
   It prevents most forms of teleportation.
 Z - a +2 plate armour of fire resistance
Jewellery
 b - an uncursed ring of see invisible
 x - a +4 ring of evasion (left hand)
 B - an uncursed ring of protection from magic
 H - an amulet of reflection (around neck)
 K - the ring "Kuf Tuul" (right hand) {rPois Str+3 Int+2 Dex+6}
   (You took it off a deep elf mage on level 3 of the Elven Halls)

   [ring of dexterity]

   It affects your strength (+3).
   It affects your intelligence (+2).
   It affects your dexterity (+6).
   It protects you from poison.
 R - an uncursed amulet of the acrobat
 X - an uncursed ring of flight
Wands
 a - a wand of digging (12)
 l - a wand of enslavement (38)
 N - a wand of clouds (4)
Scrolls
 g - 9 scrolls of enchant armour
 h - 22 scrolls of teleportation
 j - 20 scrolls of remove curse
 m - 7 scrolls of blinking
 p - 14 scrolls of magic mapping
 u - 9 scrolls of identify
 w - 2 scrolls of fear
 F - 7 scrolls of fog
 G - 3 scrolls of silence
 O - 4 scrolls of immolation
 V - 2 scrolls of vulnerability
Potions
 d - a potion of flight
 n - 4 potions of haste
 o - 5 potions of mutation
 q - 4 potions of might
 s - 4 potions of cancellation
 t - 8 potions of curing
 v - 2 potions of invisibility
 A - 7 potions of ambrosia
 E - 2 potions of heal wounds
 M - a potion of resistance
 Q - 6 potions of stabbing
 T - 8 potions of lignification
Miscellaneous
 C - 2 boxes of beasts
 U - a tin of tremorstones (3/3)
Comestibles
 c - 87 rations
 r - 3 chunks of flesh


   Skills:
 + Level 25.2 Fighting
 + Level 25.2 Axes
 + Level 19.2 Armour
 * Level 16.1 Dodging
 + Level 3.7 Stealth
 - Level 15.6 Shields
 - Level 0.1 Evocations


You had 21 spell levels left.
You didn't know any spells.
Your spell library was empty.

Dungeon Overview and Level Annotations

Branches:
Dungeon (15/15)            Temple (0/1) D:4            Lair (6/6) D:10
 Shoals (4/4) Lair:2       Spider (4/4) Lair:4        Slime (0/5) Lair:5
    Orc (2/2) D:9             Elf (3/3) Orc:2        Vaults (5/5) D:14
  Crypt (0/3) Vaults:3     Depths (0/5) D:15         Bailey (visited)
Gauntlet (visited)

Altars:
Cheibriados
Dithmenos
Elyvilon
Gozag
Kikubaaqudgha
Makhleb
Okawaru
Qazlal
Ru
Sif Muna
Trog
Vehumet
Wu Jian
Xom
Zin
Beogh

Shops:
D:9 %(}%   D:12 %   Orc:2 ([   Elf:1 :   Elf:3 (   Shoals:2 [!:   Vaults:3 *((?
Vaults:4 [


Innate Abilities, Weirdness & Mutations

You reflexively headbutt those who attack you in melee.
You have a pair of horns on your head.


Message History

You slice the golden dragon simulacrum!!
You headbutt the golden dragon simulacrum!!
The golden dragon simulacrum is almost destroyed.
You slice the shadow dragon!!
You kill the shadow dragon!
Trog accepts your kill.
The shadow dragon scales are intact enough to wear.
A freezing mist starts to gather...
You slice the demonic crawler!!
You kill the demonic crawler!
The demonic crawler's corpse disappears in a puff of smoke!
You slice the sphinx!! You slice the freezing wraith!!
You destroy the freezing wraith!
Trog accepts your kill.
You slash the vault warden simulacrum!
The vault warden simulacrum vapourises!
A shadow dragon simulacrum comes into view.
The fire giant seems less brilliant.
The faun changes into a mana viper!
The titan waves its arms in wide circles.
The air twists around and strikes you!
You die...

... #....# ..
#.. #....# ...
^... #....# #c..
....D#....##cp..
....e#EepD#...#


...CCrxecoEE.# ####Cx§)Zpxo#### ....spH@Zpoe.... .....Z○[☼oCDW...
.W..TxcQpDep*... .....*uZXcoQO... ####p.TZx.pZ{#.# ...T...§CoOpW.
###.#....SeSO.. .p#....#..p.. You could see 2 shadow dragons, an iron dragon, an
ironheart preserver (empowered), a titan (soul bound, empowered), a golden
dragon, a frost giant (empowered), a cyan very ugly thing (soul bound), a fire
giant, a sphinx (empowered), 6 vault wardens, 2 tengu reavers, 3 yaktaur
captains, 2 vault guards, 2 orc knights, a deep elf annihilator (soul bound,
empowered), a deep elf death mage (empowered), 2 ettins, a flayed ghost, a
demonic crawler (summoned), 2 two-headed ogres, 2 deep trolls, a deep elf archer
(soul bound, empowered, repels missiles), a deep elf high priest (soul bound,
brilliance aura), a large abomination, 2 phantasmal warriors, 2 ironbrand
convokers, a mana viper shaped shifter, a deep troll shaman, 3 earth elementals,
2 yaktaurs, 2 deep elf magi, a necromancer (empowered), 2 orc warriors, a water
moccasin shaped shifter, an ogre, a small abomination, a hell rat (summoned), 2
battlespheres, 2 shadow dragon simulacra, a golden dragon simulacrum, a vault
sentinel simulacrum, 2 orcs, a deep elf high priest zombie, 4 crawling corpses
and a storm dragon skeleton.

Vanquished Creatures
  Mara (Vaults:2)
  Frederick (Vaults:5)
  A golden dragon (Vaults:5)
  A lich (Vaults:5)
  Jorgrun (Spider:3)
  2 tentacled monstrosities
  Rupert (Orc:2)
  Asterion (Elf:1)
  A deep elf blademaster (Elf:3)
  A deep elf master archer (Elf:3)
  A titan (Vaults:5)
  A quicksilver dragon (shapeshifter) (Vaults:4)
  A quicksilver dragon (Vaults:5)
  The ghost of Xye the Severer, an adept MiFi of Makhleb (Elf:3)
  Agnes (Elf:1)
  A sphinx (Vaults:5)
  A tengu reaver (Vaults:5)
  The ghost of Thomus the Executioner, an adept HOFi of Okawaru (Spider:2)
  A shadow dragon (shapeshifter) (Vaults:2)
  Roxanne (Elf:1)
  3 shadow dragons (Vaults:5)
  5 frost giants
  2 fire giants
  4 deep elf sorcerers
  4 ghost moths
  4 emperor scorpions
  16 vault wardens
  2 deep elf elementalists
  19 ironheart preservers
  7 stone giants
  A war gargoyle (Vaults:5)
  5 very ugly things (Vaults:3)
  An entropy weaver (Spider:2)
  2 deep elf demonologists
  A vampire knight (Vaults:3)
  4 deep elf annihilators
  A spark wasp (Spider:4)
  Azrael (Orc:2)
  2 merfolk javelineers
  An eidolon (Vaults:3)
  7 ettins
  8 merfolk impalers
  4 deep elf death magi
  A jiangshi (Vaults:3)
  A fire dragon (Vaults:2)
  A deep elf high priest (Elf:3)
  10 yaktaur captains
  3 ice dragons
  37 vault guards
  A great orb of eyes (Vaults:3)
  2 rakshasas
  3 catoblepae (Lair:6)
  A death knight (Vaults:4)
  4 merfolk avatars
  2 hydras (Lair:1)
  9 merfolk aquamancers
  An alligator snapping turtle (Shoals:1)
  13 centaur warriors
  31 dancing weapons
  A tengu warrior (D:15)
  4 satyrs
  29 two-headed ogres
  14 death yaks
  A deep troll shaman (Vaults:4)
  11 ogre magi
  24 deep elf knights
  4 large abominations
  2 deep troll earth magi (Vaults:3)
  An orc high priest (Orc:2)
  3 small abominations (Vaults:5)
  7 skeletal warriors
  15 sea snakes
  5 unseen horrors
  3 glowing orange brains
  3 wizards
  An unseen horror (shapeshifter) (Elf:3)
  9 deep trolls
  A tengu zombie (Vaults:3)
  19 deep elf archers
  A phantasmal warrior (Vaults:3)
  Pikel (D:4)
  14 orc knights
  39 harpies
  9 ironbrand convokers
  3 necromancers
  A lindwurm (Orc:2)
  2 stone giant zombies
  19 ugly things
  53 deep elf magi
  13 fauns
  35 wolf spiders
  8 moths of wrath
  20 orb spiders
  9 cyclopes
  3 oklob plants
  10 manticores
  4 orc sorcerers
  6 centaur zombies
  12 merfolk sirens
  5 black mambas
  An eye of devastation (Gauntlet)
  8 elephants
  20 vault sentinels
  Maurice (Orc:2)
  6 water nymphs
  Joseph (Lair:1)
  A gargoyle (D:14)
  7 spiny frogs
  A human zombie (Vaults:3)
  A rime drake (Lair:1)
  2 torpor snails
  4 komodo dragons
  A kobold demonologist (D:14)
  35 yaktaurs
  A rime drake (shapeshifter) (D:15)
  A redback zombie (D:13)
  An efreet (Gauntlet)
  19 demonic crawlers
  5 freezing wraiths
  A yaktaur skeleton (Vaults:4)
  A queen bee (Lair:3)
  3 polar bears
  31 merfolk
  3 human skeletons
  A tengu conjurer (D:15)
  34 jumping spiders
  4 trolls
  2 trolls (shapeshifter) (Vaults:4)
  Grinder (D:3)
  4 wind drakes
  3 blink frogs (Lair:5)
  9 hornets
  14 slime creatures
  A wolf spider simulacrum (Vaults:1)
  20 dream sheep
  A fire giant simulacrum (Vaults:3)
  2 blink frogs (shapeshifter)
  16 hippogriffs
  An ettin zombie (Vaults:3)
  8 snapping turtles
  3 air elementals
  70 redbacks
  3 flying skulls (Gauntlet)
  Sigmund (D:4)
  3 ettin skeletons
  35 yaks
  A vampire (D:14)
  2 shadows
  A wraith (D:14)
  3 wyverns
  24 water elementals
  43 tarantellas
  A fire elemental (Gauntlet)
  A basilisk (shapeshifter) (Vaults:2)
  A yak (shapeshifter) (Vaults:5)
  3 hungry ghosts
  10 vampire mosquitoes
  9 basilisks
  A golden eye (shapeshifter) (Vaults:2)
  A golden eye (Gauntlet)
  A yaktaur simulacrum (Vaults:2)
  8 wargs
  A steam dragon (D:10)
  A deep troll zombie (Vaults:3)
  4 acid dragons
  16 water moccasins
  Duvessa (D:5)
  3 porcupines
  5 hell hounds
  55 orc warriors
  7 sky beasts
  4 slaves (D:4)
  A black bear (D:7)
  A black bear (shapeshifter) (Vaults:2)
  12 ice beasts
  A necrophage (D:10)
  40 ogres
  6 wolves (Lair:5)
  15 centaurs
  4 boggarts (D:15)
  6 crocodiles
  2 big kobolds (D:14)
  20 bullfrogs
  2 earth elementals
  Dowan (D:5)
  3 scorpions
  25 killer bees (Lair:3)
  3 electric eels
  5 wights (D:14)
  4 howler monkeys
  12 crimson imps
  5 jellies
  A lava snake (Lair:6)
  A quasit (D:8)
  10 hounds
  A human simulacrum (Vaults:3)
  29 orc priests
  4 bullfrog skeletons
  10 centaur skeletons
  28 orc wizards
  Jessica (D:3)
  7 iguanas
  14 worker ants
  7 ogre zombies (D:9)
  2 hound zombies
  A hound skeleton (D:9)
  4 worker ant zombies
  Robin (D:4)
  17 gnolls
  10 adders
  4 shadow imps
  An adder zombie (D:9)
  An adder skeleton (D:9)
  A worm (D:2)
  5 dart slugs
  8 leopard geckos
  137 orcs
  4 ball pythons
  2 giant cockroaches
  20 goblins
  9 hobgoblins
  8 jackals
  8 quokkas
  8 bats
  5 frilled lizards
  2 hobgoblin skeletons (D:9)
  A hobgoblin zombie (D:9)
  2 jackal skeletons
  8 kobolds
  2 leopard gecko skeletons
  An orc skeleton (D:9)
  13 orc zombies (D:9)
  8 rats
  2 crawling corpses (Vaults:4)
  4 fungi
  9 plants
1856 creatures vanquished.

Vanquished Creatures (collateral kills)
  A deep elf blademaster (Elf:3)
  2 deep elf master archers (Elf:3)
  5 deep elf sorcerers (Elf:3)
  The ghost of r0y the Peltast, an adept GrFi of Okawaru (Shoals:4)
  An orc warlord (Orc:2)
  2 deep elf elementalists (Elf:3)
  An entropy weaver (Spider:4)
  A large abomination (Elf:3)
  5 deep elf annihilators (Elf:3)
  4 deep elf demonologists (Elf:3)
  A minotaur (Gauntlet)
  A merfolk javelineer (Shoals:4)
  2 deep elf death magi (Elf:3)
  4 merfolk impalers (Shoals:4)
  3 deep elf high priests (Elf:3)
  Erolcha (D:9)
  2 hydras
  A merfolk avatar (Shoals:4)
  3 dancing weapons (Elf:2)
  3 deep elf knights
  A sea snake (Shoals:4)
  An obsidian statue (Shoals:4)
  A harpy (Shoals:4)
  An orc knight (Orc:2)
  4 orb spiders (Spider:4)
  5 deep elf magi
  3 wolf spiders (Spider:4)
  2 fauns (Shoals:4)
  2 orc sorcerers
  A manticore (Shoals:4)
  3 demonic crawlers (Spider:4)
  3 jumping spiders (Spider:4)
  6 merfolk
  6 redbacks (Spider:4)
  3 tarantellas (Spider:4)
  2 water elementals (Shoals:4)
  A hungry ghost (D:9)
  An ogre (Orc:2)
  3 orc priests
  An orc wizard (Orc:1)
  An ogre zombie (D:9)
  6 orcs
  A goblin skeleton (D:9)
  A goblin zombie (D:9)
  2 hobgoblin zombies (D:9)
  An orc skeleton (D:9)
  3 orc zombies (D:9)
  A crawling corpse (Elf:3)
110 creatures vanquished.

Vanquished Creatures (others)
  A fire giant (Vaults:4)
  A merfolk aquamancer (Shoals:4)
  2 deep elf knights (Elf:2)
  A deep elf mage (Elf:1)
  An ogre (Vaults:3)
  An orc priest (Vaults:5)
  An orc (Vaults:4)
  2 fungi (Lair:2)
  11 plants
21 creatures vanquished.

Grand Total: 1987 creatures vanquished

Notes
Turn   | Place    | Note
-------+----------+-------------------------------------------
     0 | D:1      | Erymatos the Minotaur Berserker began the quest for the
                  | Orb.
     0 | D:1      | Reached XP level 1. HP: 19/19 MP: 0/0
   241 | D:1      | Reached XP level 2. HP: 20/27 MP: 1/1
   672 | D:1      | Reached ** piety under Trog
   753 | D:2      | Reached XP level 3. HP: 30/33 MP: 2/2
   764 | D:2      | Reached XP level 4. HP: 14/41 MP: 3/3
  1285 | D:2      | Reached skill level 5 in Axes
  1358 | D:2      | Found a burning altar of Makhleb.
  1493 | D:2      | Reached XP level 5. HP: 34/47 MP: 4/4
  1729 | D:2      | Reached skill level 5 in Fighting
  1953 | D:3      | Found a faded altar of an unknown god.
  1978 | D:3      | Reached *** piety under Trog
  2168 | D:3      | Noticed Grinder
  2179 | D:3      | Killed Grinder
  2179 | D:3      | Reached skill level 1 in Stealth
  2179 | D:3      | Reached XP level 6. HP: 56/56 MP: 5/5
  2358 | D:3      | Noticed Jessica
  2360 | D:3      | Killed Jessica
  2609 | D:3      | Found a bloodstained altar of Trog.
  2626 | D:4      | Noticed Robin
  2635 | D:4      | Reached XP level 7. HP: 59/61 MP: 6/6
  2646 | D:4      | Killed Robin
  2710 | D:4      | Reached skill level 5 in Armour
  2814 | D:4      | Noticed Pikel
  2832 | D:4      | Killed Pikel
  2832 | D:4      | Reached XP level 8. HP: 45/71 MP: 7/7
  3044 | D:4      | Found a shadowy altar of Dithmenos.
  3045 | D:4      | Found an ornate altar of the Wu Jian Council.
  3478 | D:4      | Noticed Sigmund
  3487 | D:4      | Killed Sigmund
  3502 | D:4      | Found a staircase to the Ecumenical Temple.
  3723 | D:4      | Reached **** piety under Trog
  3882 | D:5      | Entered Level 5 of the Dungeon
  4644 | D:5      | Reached skill level 10 in Axes
  4656 | D:5      | Reached XP level 9. HP: 65/81 MP: 8/8
  4826 | D:5      | Noticed Duvessa
  4827 | D:5      | Noticed Dowan
  4832 | D:5      | Killed Duvessa
  4838 | D:5      | Killed Dowan
  5711 | D:6      | Found a snail-covered altar of Cheibriados.
  5913 | D:6      | Found a radiant altar of Vehumet.
  7033 | D:7      | Reached skill level 1 in Shields
  7259 | D:7      | Found a shimmering altar of Xom.
  7264 | D:7      | Found a shimmering altar of Xom.
  7264 | D:7      | Found a shimmering altar of Xom.
  7264 | D:7      | Found a shimmering altar of Xom.
  7264 | D:7      | Found a shimmering altar of Xom.
  7264 | D:7      | Found a shimmering altar of Xom.
  7264 | D:7      | Found a shimmering altar of Xom.
  7264 | D:7      | Found a shimmering altar of Xom.
  7264 | D:7      | Found a shimmering altar of Xom.
  7264 | D:7      | Found a shimmering altar of Xom.
  7272 | D:7      | Found a shimmering altar of Xom.
  7881 | D:8      | Found an iron altar of Okawaru.
  7881 | D:8      | Noticed a two-headed ogre
  7887 | D:8      | Killed a two-headed ogre
  7887 | D:8      | Reached ***** piety under Trog
  7887 | D:8      | Reached XP level 10. HP: 39/91 MP: 9/9
  8344 | D:8      | Found a shimmering blue altar of Sif Muna.
  8361 | D:8      | Got a crude robe
  8372 | D:8      | Identified the +1 robe of Pan-Flutes {rPois Int+3 Dex+2}
                  | (You found it on level 8 of the Dungeon)
  8666 | D:8      | Found a glowing silver altar of Zin.
  8812 | D:8      | Received a gift from Trog
  8853 | D:8      | Got a pitted battleaxe {god gift}
  8862 | D:8      | Identified the +4 battleaxe "Sajil" {vorpal, rC++} (Trog
                  | gifted it to you on level 8 of the Dungeon)
  8898 | D:8      | Found a snail-covered altar of Cheibriados.
  9032 | D:8      | Found a white marble altar of Elyvilon.
  9033 | D:8      | Found a sacrificial altar of Ru.
  9315 | D:9      | Found Cerucud's Antique Weapon Shop.
  9316 | D:9      | Found Foclenup's Food Emporium.
  9320 | D:9      | Bought a polished war axe for 221 gold pieces
  9351 | D:9      | Identified the +6 war axe "Jycvoef" {drain, rN++} (You
                  | bought it in a shop on level 9 of the Dungeon)
  9444 | D:9      | Found a staircase to the Orcish Mines.
  9445 | D:9      | Noticed Erolcha
  9453 | D:9      | Killed Erolcha
  9717 | D:9      | Found Obeg's Food Shop.
  9855 | D:9      | Reached skill level 5 in Shields
  9946 | D:9      | Found Canyimel's Gadget Shop.
 10051 | D:9      | Found a stormy altar of Qazlal.
 10111 | D:10     | Entered Level 10 of the Dungeon
 10223 | D:10     | Found a staircase to the Lair.
 10448 | D:10     | Reached XP level 11. HP: 95/99 MP: 10/10
 10743 | D:11     | Found a gate leading to a gauntlet.
 10773 | Gauntlet | Entered a Gauntlet
 10773 | Gauntlet | Found a transporter.
 10773 | Gauntlet | Found a transporter.
 10790 | Gauntlet | Found a transporter.
 10794 | Gauntlet | Found a transporter.
 10814 | Gauntlet | Found a transporter.
 10816 | Gauntlet | Found a transporter.
 10836 | Gauntlet | Found a transporter.
 10867 | Gauntlet | Found a transporter.
 10867 | Gauntlet | Found a transporter.
 10867 | Gauntlet | Noticed a soul eater
 10871 | Gauntlet | Found a transporter.
 10874 | Gauntlet | Found a transporter.
 10925 | Gauntlet | Found a transporter.
 11096 | Gauntlet | Reached skill level 10 in Fighting
 11328 | Gauntlet | Got an ichor-stained hat
 11334 | Gauntlet | Identified the +2 hat of Lityer {-Tele rElec rC+ Dex+2}
                  | (You found it in a Gauntlet)
 11374 | Gauntlet | Noticed a minotaur
 11376 | Gauntlet | Killed a minotaur
 11553 | D:11     | Reached skill level 10 in Armour
 11681 | D:11     | Noticed a red ugly thing
 11692 | D:11     | Killed a red ugly thing
 12175 | D:12     | Noticed a five-headed hydra
 12180 | D:12     | Killed a six-headed hydra
 12192 | D:12     | Killed an unseen horror
 12217 | D:12     | Noticed a skeletal warrior
 12221 | D:12     | Noticed a skeletal warrior
 12221 | D:12     | Noticed a skeletal warrior
 12233 | D:12     | Killed a skeletal warrior
 12236 | D:12     | Killed a skeletal warrior
 12236 | D:12     | Reached skill level 15 in Axes
 12238 | D:12     | Killed a skeletal warrior
 12280 | D:12     | Noticed a two-headed ogre
 12288 | D:12     | Killed a two-headed ogre
 12288 | D:12     | Reached XP level 12. HP: 90/110 MP: 11/11
 12686 | D:12     | Found Vemmunam's Food Shop.
 13248 | D:13     | Noticed a centaur warrior
 13252 | D:13     | Killed a centaur warrior
 13433 | D:13     | Found an ancient bone altar of Kikubaaqudgha.
 13530 | Lair:1   | Entered Level 1 of the Lair of Beasts
 13681 | Lair:1   | Noticed an eight-headed hydra
 13685 | Lair:1   | Killed a 12-headed hydra
 13996 | Lair:1   | Noticed an eight-headed hydra
 14003 | Lair:1   | Killed an 11-headed hydra
 14003 | Lair:1   | Received a gift from Trog
 14035 | Lair:1   | Noticed Joseph
 14043 | Lair:1   | Killed Joseph
 14616 | Lair:2   | Reached XP level 13. HP: 118/119 MP: 12/12
 15075 | Lair:2   | Found a staircase to the Shoals.
 16143 | Lair:3   | Reached skill level 10 in Shields
 16247 | Lair:3   | Received a gift from Trog
 16332 | Lair:3   | Got a shimmering ring mail
 16343 | Lair:3   | Identified the +3 ring mail of Fedhas's Hope {Str+3} (You
                  | found it on level 3 of the Lair of Beasts)
 16807 | Lair:4   | Found a hole to the Spider Nest.
 17664 | Lair:5   | Found a staircase to the Slime Pits.
 19144 | Lair:6   | Entered Level 6 of the Lair of Beasts
 19176 | Lair:6   | Reached XP level 14. HP: 133/133 MP: 13/13
 19379 | Lair:6   | Received a gift from Trog
 20191 | Lair:6   | Reached skill level 15 in Fighting
 20740 | Orc:1    | Entered Level 1 of the Orcish Mines
 20774 | Orc:1    | Reached skill level 5 in Dodging
 21060 | Orc:1    | Found a flagged portal.
 21071 | Bailey   | Entered a bailey
 21362 | Orc:1    | Found a roughly hewn altar of Beogh.
 21382 | Orc:1    | Received a gift from Trog
 21806 | Orc:2    | Entered Level 2 of the Orcish Mines
 21806 | Orc:2    | Found a roughly hewn altar of Beogh.
 21841 | Orc:2    | Found a staircase to the Elven Halls.
 21927 | Orc:2    | Found a roughly hewn altar of Beogh.
 21928 | Orc:2    | Found Suigibiq's Food Shoppe.
 21965 | Orc:2    | Noticed Rupert
 21980 | Orc:2    | Killed Rupert
 22381 | Orc:2    | Noticed an orc warlord
 22392 | Orc:2    | Received a gift from Trog
 22394 | Orc:2    | Killed an orc warlord
 22516 | Orc:2    | Found Doeblysuho's Antique Armour Emporium.
 22524 | Orc:2    | Found Dyufacei's Antique Weapon Shoppe.
 22533 | Orc:2    | Found a roughly hewn altar of Beogh.
 22541 | Orc:2    | Bought a runed plate armour for 754 gold pieces
 22777 | Orc:2    | Noticed Maurice
 22797 | Orc:2    | Killed Maurice
 22831 | Orc:2    | Noticed Azrael
 22851 | Orc:2    | Killed Azrael
 22973 | Orc:2    | Found a roughly hewn altar of Beogh.
 23251 | Orc:2    | Found a roughly hewn altar of Beogh.
 23252 | Orc:2    | Found Meogiof's Food Emporium.
 23365 | Orc:2    | Found a roughly hewn altar of Beogh.
 23388 | Orc:2    | Found a roughly hewn altar of Beogh.
 23632 | Orc:2    | Bought a ration for 65 gold pieces
 23632 | Orc:2    | Bought a ration for 65 gold pieces
 23632 | Orc:2    | Bought a ration for 65 gold pieces
 23632 | Orc:2    | Bought a ration for 65 gold pieces
 23632 | Orc:2    | Bought a ration for 65 gold pieces
 23632 | Orc:2    | Bought a ration for 65 gold pieces
 23632 | Orc:2    | Bought a ration for 65 gold pieces
 23632 | Orc:2    | Bought a ration for 65 gold pieces
 23632 | Orc:2    | Bought a ration for 65 gold pieces
 23632 | Orc:2    | Bought a ration for 65 gold pieces
 23632 | Orc:2    | Bought a ration for 65 gold pieces
 23632 | Orc:2    | Bought a ration for 65 gold pieces
 23632 | Orc:2    | Bought a ration for 65 gold pieces
 23683 | Orc:2    | Bought a ration for 65 gold pieces
 23683 | Orc:2    | Bought a ration for 65 gold pieces
 23683 | Orc:2    | Bought a ration for 65 gold pieces
 23683 | Orc:2    | Bought a ration for 65 gold pieces
 23683 | Orc:2    | Bought a ration for 65 gold pieces
 23683 | Orc:2    | Bought a ration for 65 gold pieces
 23683 | Orc:2    | Bought a ration for 65 gold pieces
 23683 | Orc:2    | Bought a ration for 65 gold pieces
 23683 | Orc:2    | Bought a ration for 65 gold pieces
 23683 | Orc:2    | Bought a ration for 65 gold pieces
 23683 | Orc:2    | Bought a ration for 65 gold pieces
 23819 | D:14     | Reached XP level 15. HP: 141/141 MP: 14/14
 23973 | D:14     | Received a gift from Trog
 23981 | D:14     | Reached ****** piety under Trog
 23997 | D:14     | Found a gate to the Vaults.
 24174 | D:14     | Found an opulent altar of Gozag.
 24789 | D:15     | Entered Level 15 of the Dungeon
 25424 | D:15     | Found a staircase to the Depths.
 25425 | D:15     | Noticed a fire giant
 25437 | D:15     | Killed a fire giant
 26233 | Shoals:1 | Entered Level 1 of the Shoals
 26879 | Shoals:1 | Reached skill level 15 in Shields
 27274 | Shoals:2 | Found Ibiav's Book Shoppe.
 27605 | Shoals:2 | Found Utyr's Distillery.
 27638 | Shoals:2 | Received a gift from Trog
 27693 | Shoals:2 | Reached XP level 16. HP: 152/152 MP: 15/15
 27697 | Shoals:2 | Bought a potion of mutation for 144 gold pieces
 27697 | Shoals:2 | Bought a potion of curing for 54 gold pieces
 27697 | Shoals:2 | Bought a potion of might for 72 gold pieces
 27697 | Shoals:2 | Bought a potion of ambrosia for 144 gold pieces
 27697 | Shoals:2 | Bought a potion of lignification for 54 gold pieces
 29006 | Shoals:2 | Found Qematz's Armour Emporium.
 29549 | Shoals:3 | Reached skill level 15 in Armour
 30293 | Shoals:3 | Received a gift from Trog
 31040 | Shoals:4 | Entered Level 4 of the Shoals
 31048 | Shoals:4 | Found a runed translucent gate.
 31050 | Shoals:4 | Found a runed translucent gate.
 31051 | Shoals:4 | Found a runed translucent gate.
 31052 | Shoals:4 | Found an opulent altar of Gozag.
 31053 | Shoals:4 | Noticed r0y's ghost (adept GrFi)
 31079 | Shoals:4 | Killed r0y's ghost
 31614 | Shoals:3 | HP: 3/157 [sea snake (14)]
 31619 | Shoals:3 | HP: 6/157 [sea snake (9)]
 32037 | Shoals:2 | Bought a potion of curing for 54 gold pieces
 32037 | Shoals:2 | Bought 2 potions of heal wounds for 180 gold pieces
 32652 | Shoals:4 | Got a barnacled rune of Zot
 32760 | Shoals:4 | Reached XP level 17. HP: 144/163 MP: 16/16
 33364 | Shoals:4 | Identified the cursed +1 hunting sling of Fortitude
                  | {vorpal, rElec rC+ rN+ MR-}
 34488 | Spider:1 | Entered Level 1 of the Spider Nest
 35106 | Spider:1 | Received a gift from Trog
 36403 | Spider:2 | Found a runed translucent door.
 36405 | Spider:2 | Noticed Thomus's ghost (adept HOFi)
 37965 | Spider:3 | Received a gift from Trog
 38358 | Spider:3 | Noticed Jorgrun
 38370 | Spider:3 | Killed Jorgrun
 38787 | Spider:3 | Reached skill level 10 in Dodging
 38787 | Spider:3 | Reached XP level 18. HP: 176/176 MP: 17/17
 39102 | Spider:4 | Entered Level 4 of the Spider Nest
 40799 | Spider:4 | Got a gossamer rune of Zot
 40982 | Spider:2 | Killed Thomus's ghost
 41087 | Spider:2 | Identified 2 scrolls of acquirement
 41279 | Elf:1    | Entered Level 1 of the Elven Halls
 41537 | Elf:1    | Noticed Roxanne
 41975 | Elf:1    | Noticed Agnes
 41985 | Elf:1    | Killed Agnes
 42168 | Elf:1    | Found Xof Kusto's Book Boutique.
 42236 | Elf:1    | Noticed Asterion
 42241 | Elf:1    | Received a gift from Trog
 42257 | Elf:1    | Killed Asterion
 43009 | Elf:1    | Killed Roxanne
 43369 | Elf:1    | Acquired 4230 gold pieces
 43371 | Elf:1    | Acquired the amulet of Iprefigo {Faith Str+4 Int+2}
 43520 | Vaults:1 | Entered Level 1 of the Vaults
 43681 | Vaults:1 | Reached XP level 19. HP: 187/187 MP: 18/18
 43845 | Vaults:1 | Received a gift from Trog
 45172 | Vaults:1 | Received a gift from Trog
 45394 | Vaults:1 | Found a portal to a secret trove of treasure.
 45616 | Shoals:2 | Bought cursed +0 pearl dragon scales for 1552 gold pieces
 46024 | Vaults:1 | You paid a toll of +0 pearl dragon scales to enter a
                  | treasure trove
 46025 | Trove    | Entered a treasure trove
 46029 | Trove    | Found the +6 arbalest "Damnation" {damnation}
 46032 | Trove    | Got a brightly glowing executioner's axe
 46038 | Trove    | Got a crystal war axe
 46049 | Trove    | Identified the +3 war axe "Egg" {vorpal, *Drain rN+++ Str+8
                  | Dex-2} (You found it in a treasure trove)
 46055 | Trove    | Lost intelligence.
 46055 | Trove    | Identified the +3 executioner's axe of the Sneaky Yaks
                  | {speed, *Slow rElec Str+7 Int-5} (You found it in a
                  | treasure trove)
 46475 | Vaults:2 | Noticed Mara
 46488 | Vaults:2 | Noticed Erymatos's illusion
 46521 | Vaults:2 | Killed Mara
 47608 | Vaults:2 | Reached XP level 20. HP: 198/198 MP: 19/19
 47669 | Vaults:2 | Received a gift from Trog
 48596 | Vaults:3 | Found Gozag's Antique Weapon Shoppe.
 48931 | Vaults:3 | Found an opulent altar of Gozag.
 48942 | Vaults:3 | Found Gozag's Antique Weapon Emporium.
 49023 | Vaults:3 | Found a staircase to the Crypt.
 49028 | Vaults:3 | Received a gift from Trog
 49269 | Vaults:3 | Found Ylousos's Magic Scroll Shop.
 49272 | Vaults:3 | Bought a scroll of magic mapping for 38 gold pieces
 49272 | Vaults:3 | Bought a scroll of fog for 22 gold pieces
 49272 | Vaults:3 | Bought a scroll of silence for 82 gold pieces
 49272 | Vaults:3 | Bought a scroll of blinking for 82 gold pieces
 49272 | Vaults:3 | Bought a scroll of identify for 22 gold pieces
 49272 | Vaults:3 | Bought a scroll of identify for 22 gold pieces
 49272 | Vaults:3 | Bought 3 scrolls of teleportation for 99 gold pieces
 49272 | Vaults:3 | Bought a scroll of teleportation for 33 gold pieces
 49272 | Vaults:3 | Bought a scroll of identify for 22 gold pieces
 49272 | Vaults:3 | Bought a scroll of remove curse for 33 gold pieces
 50231 | Vaults:3 | Found Gozag's Assorted Antiques.
 50242 | Vaults:3 | Bought a scroll of identify for 200 gold pieces
 50242 | Vaults:3 | Bought a scroll of blinking for 750 gold pieces
 50242 | Vaults:3 | Bought a sedimented purple potion for 90 gold pieces
 50242 | Vaults:3 | Bought a scroll of teleportation for 300 gold pieces
 50329 | Vaults:4 | Found Vatuwkuck's Antique Armour Boutique.
 50362 | Vaults:4 | Bought jasper-encrusted fire dragon scales for 2015 gold
                  | pieces
 50372 | Vaults:4 | Identified the +1 fire dragon scales of Ediar {rElec rF++
                  | rC- rN+ rCorr Slay+3} (You bought it in a shop on level 4
                  | of the Vaults)
 50432 | Vaults:4 | Received a gift from Trog
 50892 | Vaults:4 | Reached XP level 21. HP: 208/210 MP: 20/20
 50914 | Vaults:4 | Received a gift from Trog
 51479 | Vaults:4 | Found a bloodstained altar of Trog.
 52669 | Elf:2    | Received a gift from Trog
 53105 | Elf:2    | Found a huge runed translucent gate.
 53105 | Elf:2    | Found a huge runed translucent gate.
 53105 | Elf:2    | Found a huge runed translucent gate.
 53105 | Elf:2    | Found a huge runed translucent gate.
 53105 | Elf:2    | Found a huge runed translucent gate.
 53163 | Elf:2    | Found a shimmering blue altar of Sif Muna.
 53427 | Elf:2    | Reached skill level 15 in Dodging
 53522 | Elf:2    | Received a gift from Trog
 53975 | Elf:3    | Entered Level 3 of the Elven Halls
 53993 | Elf:3    | Found a runed translucent door.
 53997 | Elf:3    | Noticed Xye's ghost (adept MiFi)
 54273 | Elf:3    | Found Fawkuk's Weapon Boutique.
 54407 | Elf:3    | Killed Xye's ghost
 54407 | Elf:3    | Reached XP level 22. HP: 194/223 MP: 21/21
 55179 | Elf:3    | Identified the ring "Kuf Tuul" {rPois Str+3 Int+2 Dex+6}
 55299 | Elf:3    | Identified the +9 falchion of the Known World {vorpal,
                  | Fragile Int-3 Dex+8}
 55300 | Elf:3    | Received a gift from Trog
 56086 | Vaults:5 | Entered Level 5 of the Vaults
 56089 | Vaults:5 | Noticed Frederick
 56106 | Vaults:5 | Killed Frederick
 56111 | Vaults:5 | Noticed a golden dragon
 56123 | Vaults:5 | Received a gift from Trog
 56128 | Vaults:5 | Noticed a golden dragon
 56143 | Vaults:5 | Killed a golden dragon
 56143 | Vaults:5 | HP: 2/339 [vault warden/+0 glaive (23)]
 56144 | Vaults:5 | Killed from afar by a titan

Illustrated notes

Levels and vault maps discovered:
D:1:      evilmike_arrival_rings, layout_rooms, minmay_tetromino_i4
D:2:      layout_rooms, nicolae_overflow_hidden_temple,
          makhleb_blood_cavern_becter
D:3:      layout_rooms, serial_glass, glass_columns_b, glass_columns_a,
          glass_columns_a, glass_columns_a, glass_columns_a, glass_columns_b,
          glass_columns_c, glass_columns_a, glass_columns_b, glass_columns_b,
          glass_columns_b, glass_columns_a, glass_columns_a, glass_columns_a,
          chequers_ecumenical_altar_simple, trog_book, uniq_grinder,
          uniq_jessica
D:4:      layout_gridville, overflow_temple_1_default,
          nicolae_dithmenos_shadow_blocks, temple_hall, minmay_misc_feat_plants,
          uniq_robin, uniq_sigmund, uniq_pikel
D:5:      minmay_evil_eye, layout_basic, first_ration, uniq_duvessa
D:6:      minmay_razor_zed, layout_layer_cave, vehumet_crystals,
          kennysheep_slug_shrine
D:7:      layout_basic, xom_shifter_show, kennysheep_minor_cross,
          grunt_ogre_cave
D:8:      layout_loops_ring, lemuel_round_altar, lemuel_coloured_pillars_altar,
          led_sif_pool, gammafunk_temple_overflow_statue, okawaru_gym_becter
D:9:      layout_loops_ring, nicolae_qazlal_eye_of_the_storm, zombieorc2_lemuel,
          serial_shops, shop_coins, nicolae_shop_statue_plus, shop, shop,
          uniq_erolcha
D:10:     layout_rooms, lair_entry_dummy, roderic_serpentine_path
D:11:     layout_cave_pools, portal_ice_cave_entry_ice_beasts,
          gauntlet_entry_generic
D:12:     layout_small_grid, serial_shops, kennysheep_mini_moat
D:13:     layout_rooms, basic_altar
D:14:     layout_small_grid, erik_vaults_1, basic_altar, kennysheep_cross_room
D:15:     grunt_enter_depths_giant_problem, layout_basic,
          minmay_misc_feat_columns, chequers_hall_statues_wall_a
Lair:1:   layout_loops_ring, uniq_joseph
Lair:2:   layout_cave_pods, elwin_shoals_entry_stream, st_stairs_4
Lair:3:   layout_gridlike, special_room [special_room_bee],
          infiniplex_staircase_pool, lemuel_fruit_fields, uniq_nergalle
Lair:4:   layout_regular_city, dummy_spider_entry, grunt_megastairs_5
Lair:5:   layout_small_grid, minmay_slime_entry_pillars, guppyfry_lair_drakes
Lair:6:   evilmike_catoblepas_cave, layout_gridlike
Shoals:1: layout_shoals
Shoals:2: cheibrodos_shoals_satyrical_garden, layout_shoals, serial_shops, shop,
          shop, nicolae_shop_statue_plus, nicolae_shoals_this_corrosion
Shoals:3: layout_shoals
Shoals:4: shoals_end_grunt_ice, layout_shoals, ebering_ghost_gozag,
          nicolae_shoals_cliffside_cave, nicolae_shoals_siren_and_animal_friends
Spider:1: layout_chambers
Spider:2: layout_spider_delve, ebering_ghost_inner_flame
Spider:3: layout_spider_delve, uniq_jorgrun
Spider:4: grunt_spider_rune_island
Orc:1:    layout_caves, enter_bailey_3, mines1_david
Orc:2:    grunt_orc_community_town_hall, layout_caves,
          grunt_orc_community_big_house_1, grunt_orc_community_big_house_1,
          grunt_orc_community_house_1, grunt_orc_community_house_2,
          grunt_orc_community_house_3, grunt_orc_community_house_2,
          grunt_orc_community_house_2, grunt_orc_community_house_3, basic_altar,
          nicolae_volcano_entry_vermiform, uniq_rupert, uniq_maurice,
          uniq_azrael
Elf:1:    minmay_elf_arrival_plus, layout_loops_cross, serial_shops,
          nicolae_shop_trees, evilmike_minifort, uniq_roxanne, uniq_asterion,
          uniq_agnes
Elf:2:    layout_geoelf_diagonals, basic_altar
Elf:3:    minmay_elf_hall_quartered_circle, layout_geoelf_castle,
          ebering_ghost_reflecting_pool, serial_shops, shop
Vaults:1: nicolae_vaults_know_your_exits, vaults_room_grunt_arrival_ludios,
          ontoclasm_vaults_idyll, nicolae_vaults_border_crossing,
          nicolae_vaults_little_squares_1, ontoclasm_vaults_ligature, v_misc_19,
          v_pattern_5, v_misc_5, hangedman_vaults_snaps,
          nicolae_vaults_specimen_jars, vaults_room_pool,
          layout_vaults_quadrants, enter_trove_5
Vaults:2: v_misc_19, grunt_vaults_swirl, hangedman_vaults_capsules,
          grunt_vaults_bifocal, hangedman_vaults_stretched_pinwheel,
          grunt_vaults_focal, v_misc_14, st_lattice,
          nicolae_vaults_yaktaur_gun_rack, nicolae_vaults_little_squares_2,
          v_misc_4, layout_vaults_big_room, uniq_mara
Vaults:3: vaults_room_semicircle, minmay_crypt_entry_simple_round,
          nicolae_vaults_inception_scallops, v_misc_5,
          ontoclasm_vaults_misaligned, v_misc_27, v_rooms_3,
          vaults_standard_mumra_lines, vaults_dpeg_diagonal, v_alt_pattern_4,
          vaults_standard_mumra_x, v_misc_10, kennysheep_vaults_gozag_temple,
          v_misc_14, vaults_room_hallway, nicolae_vaults_angled_halls,
          layout_vaults_omnibox, serial_shops, nicolae_shop_trees
Vaults:4: v_misc_10, hangedman_vaults_stitches, v_rooms_1, v_misc_9,
          nicolae_vaults_octagons, v_misc_23, v_pattern_3, v_misc_5,
          nicolae_vaults_angled_halls, v_alt_pattern_4, layout_vaults_maze,
          serial_shops, shop, basic_altar
Vaults:5: serial_shops, uniq_frederick

Skill      XL: |  1  2  3  4  5  6  7  8  9 10 11 12 13 14 15 16 17 18 19 20 21 22 |
---------------+-------------------------------------------------------------------+-----
Axes           | 4 5 6 8 10 12 13 15 16 17 18 19 20 21 22 23 24 25 | 25.2
Fighting       | 4 5 6 7 9 11 12 14 15 16 18 19 20 21 22 24 25 | 25.2
Armour         | 3 4 5 6 8 9 10 11 12 13 14 15 16 17 18 19 | 19.2
Dodging        | 3 4 5 7 10 11 12 14 15 16 | 16.1
Stealth        | 1 2 3 |  3.7
Shields        | 3 5 7 9 10 13 15 | 15.6
Evocations     | |  0.1

Action                   |  1- 3 |  4- 6 |  7- 9 | 10-12 | 13-15 | 16-18 | 19-21 | 22-24 || total
-------------------------+-------+-------+-------+-------+-------+-------+-------+-------++-------
Melee: Hand axe          |    39 |   103 |    62 |       |       |       |       |       ||   204
       Headbutt          |     5 |    15 |    60 |   135 |   298 |   314 |   351 |    43 ||  1221
       War axe           |       |       |   250 |   564 |  1024 |  1044 |   496 |    59 ||  3437
       Broad axe         |       |       |       |       |   197 |   350 |   749 |    55 ||  1351
Invok: Berserk           |     1 |     2 |     3 |     7 |     8 |    11 |     6 |     1 ||    39
       Brothers in Arms  |       |       |       |     5 |     4 |    23 |     3 |    12 ||    47
       Trog's Hand       |       |       |       |     2 |     4 |    10 |     4 |     4 ||    24
 Abil: Evoke Flight      |       |       |       |       |     2 |       |       |       ||     2
  Use: Scroll            |       |       |     2 |     7 |    11 |    16 |     3 |     2 ||    41
       Potion            |       |       |       |     1 |     1 |    13 |       |     1 ||    16
 Stab: Distracted        |       |       |       |       |       |     2 |       |       ||     2
  Eat: Chunk             |       |     8 |    20 |    19 |    50 |    41 |    41 |     9 ||   188
       Ration            |       |       |       |     4 |     1 |    10 |       |     1 ||    16
Armor: Animal skin       |     6 |       |       |       |       |       |       |       ||     6
       Ring mail         |     6 |    28 |    62 |       |       |       |       |       ||    96
       Plate armour      |       |       |    27 |   259 |   378 |   579 |   148 |       ||  1391
       Chain mail        |       |       |       |       |    30 |       |       |       ||    30
       Fire dragon scale |       |       |       |       |       |       |    39 |    24 ||    63
Dodge: Dodged            |    28 |    64 |   128 |   137 |   300 |   536 |   348 |    86 ||  1627
Block: Kite shield       |       |       |    39 |   239 |   838 |  1341 |   879 |   141 ||  3477
       Reflection        |       |       |       |       |    82 |   116 |   139 |    19 ||   356
       Other             |       |       |       |       |       |       |     1 |       ||     1
